 Dungeon Crawl Stone Soup version 0.22-a0-785-g6253c82ace (webtiles) character file.

309 Bapho the Stinger (level 6, -2/56 HPs)
             Began as a Naga Venom Mage on July 19, 2018.
             Was an Initiate of Cheibriados.
             Slain by Menkaure (17 damage)
             ... on level 4 of the Dungeon.
             The game lasted 00:09:37 (5825 turns).

Bapho the Stinger (Naga Venom Mage)                 Turns: 5825, Time: 00:09:37

Health: -2/56      AC:  3    Str: 12    XL:     6   Next: 41%
Magic:  9/9        EV: 15    Int: 17    God:    Cheibriados [......]
Gold:   165        SH:  0    Dex: 18    Spells: 2/9 levels left

rFire    . . .     SeeInvis +   h - +2 short sword (freeze)
rCold    + . .     Gourm    .   (no shield)
rNeg     . . .     Faith    .   a - +0 robe
rPois    +         Spirit   .   (no helmet)
rElec    .         Reflect  .   (no cloak)
rCorr    .         Harm     .   (no gloves)
MR       .....                  (no barding)
Stlth    ++++......             (no amulet)
HPRegen  0.18/turn              j - ring of protection from cold
MPRegen  0.11/turn              (no ring)

@: agile, very slightly contaminated, invisible (expiring), very slow
A: large, see invisible, deformed body, poison resistance, slowness 2, slow
metabolism 1, spit poison 1, AC +2
a: Spit Poison, Bend Time, Renounce Religion


You were on level 4 of the Dungeon.
You worshipped Cheibriados.
Cheibriados was noncommittal.
You were hungry.

You visited 1 branch of the dungeon, and saw 4 of its levels.

You collected 165 gold pieces.

Inventory:

Hand Weapons
 e - a +0 short sword
 h - a +2 short sword of freezing (weapon)
 n - a +0 long sword
Missiles
 d - 91 stones (quivered)
 l - 8 tomahawks
Armour
 a - a +0 robe (worn)
Jewellery
 j - a ring of protection from cold (left hand)
Scrolls
 f - 2 scrolls of magic mapping
 g - 2 scrolls of amnesia
 k - a scroll of remove curse
 p - a scroll of random uselessness {unknown}
 r - a scroll of enchant armour {unknown}
 s - a scroll of identify
Potions
 o - a potion of brilliance
 q - 2 potions of curing {unknown}
Comestibles
 c - 5 rations


   Skills:
 * Level 3.5 Fighting
 - Level 1.5 Dodging
 - Level 5.0 Stealth
 - Level 2.2 Spellcasting
 - Level 1.5 Conjurations
 + Level 6.4 Poison Magic


You had 2 spell levels left.
You knew the following spells:

 Your Spells              Type           Power        Failure   Level  Hunger
a - Sting                 Conj/Pois      ###.         3%          1    #......
b - Poisonous Vapours     Pois/Air       ##....       8%          2    ###....
c - Olgreb's Toxic Radia  Pois           ###.....     14%         4    #####..

Your spell library contained the following spells:

 Spells                   Type           Power        Failure   Level  Hunger
 Mephitic Cloud           Conj/Pois/Air  ##......     19%         3    ###....
 Venom Bolt               Conj/Pois      ###.......   71%         5    ######.


Dungeon Overview and Level Annotations

Branches:
Dungeon (4/15)
 Temple: D:4-7

Altars:
Cheibriados

Annotations:
D:4 Menkaure


Innate Abilities, Weirdness & Mutations

You cannot wear boots.
Your serpentine skin is tough. (AC +2)
You have supernaturally acute eyesight. (SInv)
Armour fits poorly on your strangely shaped body.
Your system is resistant to poisons. (rPois)
You cover ground very slowly.
You have a slow metabolism.
You can spit poison.


Message History

Menkaure whispers drily.
Menkaure casts a spell at you.
You struggle to resist.
You are very lightly contaminated with residual magic.
Menkaure gestures at you while chanting.
Pain shoots through your body!
Menkaure calls on the powers of darkness!
Your body is wracked with pain!
There is an open door here.
You close the door.
Something unseen opens the door.
You flicker for a moment.
Menkaure casts a spell.
Menkaure seems to speed up.
Menkaure calls on the powers of darkness!
Your body is wracked with pain!
* * * LOW HITPOINT WARNING * * *
It was a potion of agility.
You feel agile all of a sudden. Menkaure hits you!
You die...

.........#'######....#
.........#.....##....#
###......#.....##....#
#......#......#....#
########......+....#
#...........##....#
##....##.....##....#
#.....##.....##....#
########.....'@M...#
#.....#...Z.#
###########'##
..........#
..........#
......Z.<.#
....?.....#
####.?....# #......#


You could see Menkaure and a leopard gecko skeleton (wandering).

Vanquished Creatures
  An orc wizard (D:3)
  A centaur skeleton (D:4)
  An orc priest (D:3)
  2 worker ants (D:4)
  8 adders
  An ooze (D:1)
  A worm (D:2)
  2 dart slugs
  5 leopard geckos
  4 orcs
  A ball python (D:1)
  3 bats
  6 giant cockroaches
  7 goblins
  7 hobgoblins
  4 jackals (D:2)
  A quokka (D:4)
  13 frilled lizards
  6 kobolds
  12 rats
86 creatures vanquished.

Notes
Turn   | Place    | Note
-------+----------+-------------------------------------------
     0 | D:1      | Bapho the Naga Venom Mage began the quest for the Orb.
     0 | D:1      | Reached XP level 1. HP: 15/15 MP: 3/3
   501 | D:1      | Reached XP level 2. HP: 22/22 MP: 0/5
   726 | D:1      | Learned a level 2 spell: Poisonous Vapours
  1313 | D:1      | Reached XP level 3. HP: 28/28 MP: 3/6
  2851 | D:2      | Reached skill level 5 in Poison Magic
  2851 | D:2      | Reached XP level 4. HP: 21/36 MP: 2/7
  3697 | D:3      | Reached skill level 5 in Stealth
  3924 | D:3      | Learned a level 4 spell: Olgreb's Toxic Radiance
  4152 | D:3      | Reached skill level 1 in Fighting
  4152 | D:3      | Reached XP level 5. HP: 43/44 MP: 0/8
  4863 | D:4      | Reached skill level 6 in Poison Magic
  5007 | D:4      | Reached XP level 6. HP: 49/55 MP: 6/9
  5497 | D:4      | Found a snail-covered altar of Cheibriados.
  5503 | D:4      | Became a worshipper of Cheibriados the Contemplative
  5814 | D:4      | Noticed Menkaure
  5825 | D:4      | Slain by Menkaure

Vault maps used:
D:1:      dpeg_arrival_arbitrary_b
D:2:      first_ration, minmay_misc_feat_encased, kennysheep_decorative_pillar,
          minmay_lizard_pond
D:3:      small_statue_intersection, serial_bayou_crossing
D:4:      kennysheep_slug_shrine, overflow_temple_1_default,
          kennysheep_generic_room_12, uniq_menkaure

Skill      XL: |  1  2  3  4  5  6 |
---------------+-------------------+-----
Stealth        | 4 5 |  5.0
Poison Magic   | 5 6 |  6.4
Fighting       | 1 2 3 |  3.5
Dodging        | |  1.5
Spellcasting   | |  2.2
Conjurations   | |  1.5

Action                   |  1- 3 |  4- 6 || total
-------------------------+-------+-------++-------
Melee: Unarmed           |     5 |       ||     5
       Short sword       |    17 |    44 ||    61
       Long sword        |       |     3 ||     3
Throw: Stone             |     4 |     7 ||    11
 Cast: Sting             |    54 |    34 ||    88
       Poisonous Vapours |    10 |    26 ||    36
  Use: Scroll            |       |     7 ||     7
       Potion            |       |     2 ||     2
 Stab: Sleeping          |       |     4 ||     4
  Eat: Chunk             |     1 |    10 ||    11
       Ration            |     1 |       ||     1
Armor: Robe              |     3 |    12 ||    15
Dodge: Dodged            |    22 |    29 ||    51
       Rpst.: Long sword |       |     2 ||     2

Table legend:
 A = Spawn XP
 B = Non-spawn XP
 C = Spawn XP percentage of total XP
 D = Spawn monster count
 E = Non-spawn monster count
 F = Spawn count percentage of total count
 G = Total turns spent on level
                    A         B        C        D         E        F      G
               +---------+---------+-------+---------+---------+-------+---------
         Total |       0 |     442 |   0.0 |       0 |      86 |   0.0 |  5825
               +---------+---------+-------+---------+---------+-------+---------
           D:1 |       0 |      43 |   0.0 |       0 |      22 |   0.0 |  1880
           D:2 |       0 |      55 |   0.0 |       0 |      27 |   0.0 |  1654
           D:3 |       0 |     146 |   0.0 |       0 |      22 |   0.0 |  1058
           D:4 |       0 |     198 |   0.0 |       0 |      15 |   0.0 |  1233
               +---------+---------+-------+---------+---------+-------+---------
